AoeStats
← Robert Grigoryan

QS Arena

503601909Analyzed
2v2 RM · 1mo ago on Sep 1, 2026· 81m 3s· 4 players
Game mode
Random Map
Map size
Medium (4 player)
Population
200
Speed
Normal
Resources
Standard
Victory
Conquest
Starting age
Dark Age
Ending age
Imperial Age
RankedLock teamsTeams togetherTeam positionsShared explorationLock speedFull tech treeHidden civsTurbo modeCheats
Victory
Defeat
🇷🇺 Spanish · Russia
733
+13
🇦🇷 Franks · Argentina
694
+15
🇮🇩 Goths · Indonesia
672
-26
🇮🇩 Mongols · Indonesia
672
-26
fernando_delgado12
8:18 Feudal Age
9:42 Double-Bit Axe
9:58 Loom
16:35 Castle Age
17:51 Gold Mining
19:01 Bow Saw
19:38 Gold Shaft Mining
19:35 Pikeman
24:15 Wheelbarrow
24:22 Husbandry
23:43 Light Cavalry
23:46 Pikeman
24:27 Squires
26:26 Forging
26:21 Scale Barding Armor
27:07 Stone Mining
28:19 Iron Casting
32:21 Imperial Age
31:39 Ballistics
31:11 Guard Tower
31:55 Squires
32:04 Padded Archer Armor
32:04 Scale Mail Armor
32:25 Chain Barding Armor
31:56 Fletching
33:45 Hand Cart
34:00 Heavy Scorpion
36:14 Cavalier
37:58 Chemistry
36:45 Arrowslits
37:38 Conscription
37:44 #83
36:47 Halberdier
37:59 Paladin
39:44 Blast Furnace
38:59 Chain Mail Armor
39:01 Leather Archer Armor
40:05 Gambesons
39:40 Man-at-Arms
40:18 Bodkin Arrow
40:59 Plate Barding Armor
41:11 Elite Throwing Axeman
41:53 Chivalry
43:10 Elite Skirmisher
44:33 Plate Mail Armor
47:24 Hoardings
47:04 Crossbowman
56:20 Long Swordsman
59:59 Two-Handed Swordsman
60:25 Arson
63:28 Champion
65:20 Heavy Cavalry Archer
Robert Grigoryan
1:00 Loom
9:04 Feudal Age
9:25 Horse Collar
9:31 Double-Bit Axe
18:30 Castle Age
16:49 Gold Mining
16:50 Stone Mining
17:07 Scale Mail Armor
19:50 Bow Saw
21:22 Stone Shaft Mining
22:54 Wheelbarrow
24:17 Heavy Plow
26:49 Hand Cart
26:53 Town Watch
29:19 Town Patrol
30:26 Fortified Wall
30:29 Masonry
30:40 Ballistics
32:42 Husbandry
32:52 Bloodlines
32:05 Light Cavalry
32:48 Squires
32:34 Gambesons
32:10 Man-at-Arms
32:10 Pikeman
33:12 Scale Barding Armor
33:18 Forging
33:24 Chain Mail Armor
32:59 Fletching
33:10 Padded Archer Armor
33:24 Murder Holes
36:27 Imperial Age
34:46 Chain Barding Armor
35:06 Long Swordsman
36:24 Iron Casting
38:00 Plate Barding Armor
37:55 Plate Mail Armor
37:21 Bodkin Arrow
37:32 Caravan
38:42 Conscription
39:18 Hoardings
39:12 Supremacy
39:40 Architecture
38:57 Arrowslits
40:46 Two-Man Saw
41:35 Guilds
41:56 Coinage
40:54 Elite Conquistador
41:46 Onager
45:21 Blast Furnace
44:21 Bracer
44:22 Padded Archer Armor
44:01 Hussar
44:05 Cavalier
45:38 Guard Tower
46:49 Chemistry
48:01 Banking
53:04 Keep
52:49 Bombard Tower
58:25 Paladin
58:27 Halberdier
58:28 Two-Handed Swordsman
59:25 Leather Archer Armor
61:52 Champion
62:18 Arson
68:02 Inquisition
67:33 Sappers
68:04 Inquisition
70:34 Inquisition
70:05 Sappers
Rumyumy
7:29 Feudal Age
8:42 Double-Bit Axe
16:28 Castle Age
14:30 Horse Collar
14:48 Gold Mining
20:02 Bow Saw
20:37 Forging
21:56 Iron Casting
21:22 Fletching
21:43 Scale Barding Armor
25:23 Stone Mining
30:57 Gold Shaft Mining
31:17 Ballistics
32:47 Nomads
36:29 Imperial Age
33:53 Light Cavalry
34:45 Bloodlines
34:35 Husbandry
37:11 Thumb Ring
38:16 Wheelbarrow
40:15 Parthian Tactics
40:18 Conscription
40:40 Chain Barding Armor
40:17 Bodkin Arrow
40:54 Hand Cart
40:23 Onager
43:15 Hussar
44:54 Drill
43:56 Elite Mangudai
45:46 Chemistry
44:57 Masonry
44:53 Siege Engineers
44:44 Murder Holes
46:55 Heavy Cavalry Archer
52:51 Capped Ram
55:12 Caravan
55:24 Siege Ram
59:44 Heavy Scorpion
62:41 Siege Onager
Canaria
6:24 Loom
10:13 Feudal Age
12:46 Wheelbarrow
13:14 Double-Bit Axe
19:02 Castle Age
17:21 Horse Collar
20:12 Hand Cart
20:11 Bow Saw
20:04 Heavy Plow
21:32 Squires
20:57 Pikeman
22:22 Town Watch
25:29 Forging
25:20 Scale Mail Armor
25:26 Gold Mining
25:27 Stone Mining
29:16 Iron Casting
31:44 Town Patrol
32:35 Stone Shaft Mining
33:27 Chain Mail Armor
36:14 Anarchy
39:08 Imperial Age
38:11 Masonry
37:56 Murder Holes
38:27 Ballistics
39:09 Halberdier
41:11 Blast Furnace
41:20 Chemistry
40:52 Architecture
41:01 Fletching
41:42 Capped Ram
44:16 Perfusion
44:42 Conscription
44:57 Bodkin Arrow
58:45 Caravan
63:19 Two-Man Saw
62:54 Crop Rotation
75:04 Caravan
75:15 Guilds
75:36 Coinage
Connection lost

Rejoining the realm…

Still unreachable

The connection could not be restored.

Session expired

The server has moved on; the page needs a fresh start.